cohdb
Replays
Latest Replays
All Replays
Popular Replays
Top Player Replays
Match Explorer
How It Works
Community
CoH3 Stats
Reddit
Sign in to upload your games and track your stats! →
Sign in with Steam
Match 39245189
Unlisted
Match 39245189
Overview
Messages
Build Orders
End
Selects Luftwaffe Battlegroup
Selects Luftwaffe Pioneer Support
Fallschirmpioneer Squad Paradrop
Construct Infanterie Kompanie
MG 42 Machine Gun Team
MG 42 Machine Gun Team
Construct Panzergrenadier Kompanie
Fallschirmpioneer Squad Paradrop
251 Medium Carrier
Selects LG40 Recoilless Gun Paradrop
Support Elements
MiloAllen
载人航天张泰玩
狂踹瘸子那条好腿
核桃里的王
B1t
SkyCurv
Steken
Tanith's Finest
0
0
Comments
sign in to comment!
No comments posted yet!